 Dungeon Crawl Stone Soup version 0.21.1 (webtiles) character file.

9070 Arthanis the Arsonist (level 11, -5/54 HPs)
             Began as a Deep Elf Fire Elementalist on Feb 3, 2018.
             Was a Priest of Vehumet.
             Slain by a troll (13 damage)
             ... on level 10 of the Dungeon.
             The game lasted 00:35:44 (13582 turns).

Arthanis the Arsonist (Deep Elf Fire Elementalist) Turns: 13582, Time: 00:35:44

Health: -5/54      AC:  9    Str:  5    XL:     11   Next: 18%
Magic:  4/27       EV: 12    Int: 24    God:    Vehumet [***...]
Gold:   603        SH:  0    Dex: 15    Spells: 14/31 levels left

rFire    . . .     SeeInvis .   G - +0 halberd
rCold    . . .     Gourm    .   (shield currently unavailable)
rNeg     . . .     Faith    .   H - +3 troll leather armour
rPois    .         Spirit   .   t - +1 helmet
rElec    .         Reflect  .   (no cloak)
rCorr    .         Harm     .   (no gloves)
MR       +....                  (no boots)
Stlth    ++........             (no amulet)
HPRegen  0.58/turn              h - ring of wizardry
MPRegen  0.20/turn              (no ring)

@: lethally poisoned (-5 -> -6), slowed, very slow
A: no striking features
a: Renounce Religion


You were on level 10 of the Dungeon.
You worshipped Vehumet.
Vehumet was most pleased with you.
You were very hungry.

You visited 2 branches of the dungeon, and saw 11 of its levels.

You collected 647 gold pieces.
You spent 44 gold pieces at shops.

Inventory:

Hand Weapons
 u - a +0 blowgun
 B - a +0 trident
 G - a +0 halberd (weapon)
Missiles
 a - 2 throwing nets (quivered)
 p - 2 exploding tomahawks
 v - 63 poisoned needles
Armour
 t - a +1 helmet (worn)
 F - a +0 robe of fire resistance
 H - a +3 troll leather armour (worn)
 I - a +1 robe of cold resistance
Magical Staves
 J - an uncursed staff of cold
Jewellery
 h - a ring of wizardry (left hand)
Wands
 q - a wand of digging (4)
 x - a wand of iceblast (7)
 C - a wand of random effects (30)
Scrolls
 e - 11 scrolls of remove curse
 j - 6 scrolls of teleportation
 o - 2 scrolls of random uselessness
 s - 3 scrolls of fear {unknown}
 w - a scroll of fog {unknown}
 y - 2 scrolls of amnesia {unknown}
 D - a scroll of immolation {unknown}
Potions
 d - 5 potions of curing
 f - 2 potions of lignification
 g - 3 potions of magic
 i - 2 potions of cancellation
 k - 3 potions of heal wounds
 l - a potion of agility {unknown}
 m - 3 potions of mutation
 r - a potion of flight {unknown}
 z - 2 potions of might
 A - a potion of resistance {unknown}
 E - 2 potions of brilliance
Books
 b - a book of Flames

   Spells                             Type                      Level
   a - Flame Tongue                   Conjuration/Fire             1
   b - Throw Flame                    Conjuration/Fire             2
   c - Conjure Flame                  Conjuration/Fire             3
   d - Inner Flame                    Hexes/Fire                   3
   e - Sticky Flame                   Conjuration/Fire             4
   f - Fireball                       Conjuration/Fire             5
Comestibles
 c - 7 rations
 n - 7 chunks of flesh


   Skills:
 - Level 2.4 Dodging
 - Level 2.4 Stealth
 + Level 10.6 Spellcasting
 * Level 11.9 Conjurations
 * Level 12.2 Fire Magic
 - Level 1.0 Evocations


You had 14 spell levels left.
You knew the following spells:

 Your Spells              Type           Power        Failure   Level  Hunger
a - Flame Tongue          Conj/Fire      #####        1%          1    None
b - Conjure Flame         Conj/Fire      ######..     1%          3    None
c - Sticky Flame          Conj/Fire      ######..     1%          4    None
d - Fireball              Conj/Fire      ######....   1%          5    ####...
e - Shock                 Conj/Air       ####         1%          1    None
f - Mephitic Cloud        Conj/Pois/Air  ####....     1%          3    None


Dungeon Overview and Level Annotations

Branches:
Dungeon (10/15)            Temple (1/1) D:4             Orc (0/2) D:10
   Lair: D:8-11

Altars:
Ashenzari
Cheibriados
Dithmenos
Elyvilon
Fedhas
Gozag
Hepliaklqana
Kikubaaqudgha
Makhleb
Nemelex Xobeh
Okawaru
Qazlal
Ru
Sif Muna
Trog
Uskayaw
Vehumet
Wu Jian
Xom
Yredelemnul
Zin
The Shining One

Shops:
D:5 (   D:7 *   D:9 }

Annotations:
D:4 Santangelo's ghost, novice DgEE


Message History

Confirm with . or Enter, or press ? or * to list all spells.
Aiming: Sticky Flame
Press: ? - help, Shift-Dir - straight line, f - troll
Aim: a troll The sticky flame hits the troll.
The troll is moderately wounded.
The troll is covered in liquid flames!
You feel sick.
The troll burns!
The troll bites you.
* * * LOW HITPOINT WARNING * * *
The troll closely misses you. The troll claws you but does no damage.
Casting: Sticky Flame
Confirm with . or Enter, or press ? or * to list all spells.
Okay, then.
You feel sick.
The troll burns! x2; The troll closely misses you.
The troll barely misses you. x2
You feel sick.
The troll burns!
You feel sick.
The troll burns! x2; The troll bites you.
* * * LOW HITPOINT WARNING * * *
The troll claws you but does no damage. The troll claws you!
You die...

###...# ### ......####.... ...
..... ####.......# #.# ..†..
#.......# #.# ..... #...##### #.#
..... #..<# #)# .....
#...###############.# .....
####)..................#####.....
#...............@T......§........
#.##...................(.........
.###...######...#####..##########
.# #...# #...# #..# ####...#
#...# #..# ..##...# #...# #..#
#####..# #...# #..# ## ..# #.>.#
#..# .# #...# #..#


You could see a troll (burning).

Vanquished Creatures
  Fannar (D:10)
  Sonja (D:10)
  A troll (D:9)
  A hornet (D:9)
  3 hippogriffs
  Grinder (D:5)
  A wraith (D:10)
  6 yaks (D:9)
  2 wyverns (D:10)
  Edmund (D:5)
  Menkaure (D:3)
  A warg (D:10)
  Duvessa (D:5)
  2 ice beasts
  2 orc warriors (D:10)
  2 sky beasts
  A necrophage (D:5)
  A black bear (D:10)
  4 ogres
  3 phantoms
  A crocodile (D:10)
  4 centaurs
  Blork the orc (D:4)
  8 bullfrogs
  A big kobold (D:7)
  A gnoll sergeant (D:9)
  Dowan (D:5)
  2 scorpions
  16 killer bees
  5 wights (D:10)
  2 crimson imps
  2 howler monkeys
  2 gnoll shamans
  2 orc priests
  2 hounds
  An iguana (D:4)
  2 jellies
  8 worker ants
  10 orc wizards
  A hound zombie (D:4)
  Robin (D:3)
  2 worker ant zombies
  17 gnolls
  11 adders
  2 shadow imps
  An ooze (D:1)
  An adder zombie (D:7)
  3 worms
  2 dart slugs
  8 leopard geckos
  35 orcs
  2 ball pythons
  12 bats
  7 giant cockroaches
  21 goblins
  7 hobgoblins
  7 jackals
  15 kobolds
  3 quokkas
  4 frilled lizards
  A giant cockroach zombie (D:5)
  2 quokka skeletons
  7 rats
  2 bushes (D:3)
  2 plants (D:3)
283 creatures vanquished.

Vanquished Creatures (others)
  A human (D:9)
  A plant (D:2)
2 creatures vanquished.

Grand Total: 285 creatures vanquished

Notes
Turn   | Place    | Note
-------+----------+-------------------------------------------
     0 | D:1      | Arthanis the Deep Elf Fire Elementalist began the quest for the Orb.
     0 | D:1      | Reached XP level 1. HP: 10/10 MP: 6/6
   186 | D:1      | Reached XP level 2. HP: 11/15 MP: 5/8
   723 | D:1      | Reached XP level 3. HP: 19/19 MP: 7/9
   728 | D:1      | Learned a level 3 spell: Conjure Flame
   984 | D:1      | Reached skill level 4 in Fire Magic
  1714 | D:2      | Reached XP level 4. HP: 24/24 MP: 8/11
  2018 | D:3      | Learned a level 4 spell: Sticky Flame
  2282 | D:3      | Noticed Robin
  2290 | D:3      | Killed Robin
  2293 | D:3      | Reached XP level 5. HP: 20/28 MP: 0/13
  2657 | D:3      | Reached skill level 5 in Fire Magic
  3231 | D:3      | Found a glowing golden altar of the Shining One.
  3594 | D:4      | Noticed Menkaure
  3594 | D:4      | Noticed Blork the orc
  3594 | D:4      | Noticed an ice beast
  3600 | D:3      | Killed Menkaure
  3600 | D:3      | Reached XP level 6. HP: 32/32 MP: 8/15
  3607 | D:3      | Learned a level 5 spell: Fireball
  3816 | D:4      | Found a shattered altar of Ashenzari.
  3954 | D:4      | Reached skill level 5 in Spellcasting
  4212 | D:4      | Found a basalt altar of Yredelemnul.
  4235 | D:4      | Found a white marble altar of Elyvilon.
  4354 | D:4      | Found a hide-covered altar of Uskayaw.
  4367 | D:4      | Killed an ice beast
  4367 | D:4      | Reached skill level 5 in Conjurations
  4367 | D:4      | Reached skill level 6 in Fire Magic
  4367 | D:4      | Reached XP level 7. HP: 36/36 MP: 7/16
  4494 | D:4      | Killed Blork the orc
  4687 | D:4      | Found a blossoming altar of Fedhas.
  5017 | D:4      | Found a burning altar of Makhleb.
  5045 | D:4      | Noticed Santangelo's ghost (novice DgEE)
  5062 | D:4      | Found a staircase to the Ecumenical Temple.
  5071 | Temple   | Entered the Ecumenical Temple
  5819 | D:5      | Entered Level 5 of the Dungeon
  5947 | D:5      | Found Caygimos's Antique Weapon Shop.
  6081 | D:5      | Reached skill level 7 in Fire Magic
  6149 | D:5      | Noticed Dowan
  6235 | D:5      | Noticed Duvessa
  6256 | D:5      | Killed Duvessa
  6256 | D:5      | Reached XP level 8. HP: 6/41 MP: 4/19
  6623 | D:5      | Killed Dowan
  6948 | D:5      | Found a radiant altar of Vehumet.
  6956 | D:5      | Became a worshipper of Vehumet
  7046 | D:5      | Noticed Grinder
  7050 | D:5      | Killed Grinder
  7189 | D:5      | Noticed Edmund
  7296 | D:5      | Killed Edmund
  7296 | D:5      | Reached skill level 8 in Fire Magic
  7560 | D:5      | Found an ornate altar of the Wu Jian Council.
  7570 | D:5      | Found a stormy altar of Qazlal.
  8136 | D:6      | Found a snail-covered altar of Cheibriados.
  8422 | D:6      | Found an iron altar of Okawaru.
  8555 | D:7      | Reached XP level 9. HP: 45/45 MP: 17/22
  8589 | D:7      | Found a deep blue altar of Sif Muna.
  8695 | D:7      | Reached skill level 9 in Fire Magic
  9111 | D:7      | Found Qurr's General Store.
  9125 | D:7      | Bought a scroll of identify for 22 gold pieces
  9125 | D:7      | Bought a scroll of identify for 22 gold pieces
  9404 | D:7      | Reached * piety under Vehumet
  9404 | D:7      | Offered knowledge of Shock by Vehumet.
  9407 | D:7      | Learned a level 1 spell: Shock
  9541 | D:7      | Reached skill level 1 in Evocations
 10187 | D:8      | Reached skill level 10 in Fire Magic
 11145 | D:9      | Found an ancient bone altar of Kikubaaqudgha.
 11236 | D:9      | Reached skill level 10 in Conjurations
 11236 | D:9      | Reached XP level 10. HP: 50/50 MP: 13/25
 11451 | D:9      | Reached ** piety under Vehumet
 11452 | D:9      | Offered knowledge of Throw Frost by Vehumet.
 11462 | D:9      | Reached skill level 11 in Fire Magic
 12068 | D:9      | Found a shadowy altar of Dithmenos.
 12139 | D:9      | Found Puebruh's Gadget Shoppe.
 12411 | D:10     | Entered Level 10 of the Dungeon
 12590 | D:10     | Reached skill level 10 in Spellcasting
 12673 | D:10     | Identified the +1 ring mail of Jaorizya {Str+4 Stlth+} (You found it on level 10 of the Dungeon)
 12695 | D:10     | Found a staircase to the Orcish Mines.
 12994 | D:10     | Offered knowledge of Mephitic Cloud by Vehumet.
 12997 | D:10     | Noticed Fannar
 13002 | D:10     | Killed Fannar
 13002 | D:10     | Reached skill level 12 in Fire Magic
 13002 | D:10     | Reached XP level 11. HP: 37/54 MP: 4/27
 13145 | D:10     | Reached *** piety under Vehumet
 13439 | D:10     | Learned a level 3 spell: Mephitic Cloud
 13570 | D:10     | Noticed Sonja
 13572 | D:10     | Killed Sonja
 13582 | D:10     | Slain by a troll

Skill      XL: |  1  2  3  4  5  6  7  8  9 10 |
---------------+-------------------------------+-----
Conjurations   | 2 3 4 5 6 8 10 11 | 11.9
Fire Magic     | 4 5 6 7 8 10 12 | 12.2
Spellcasting   | 4 5 6 7 9 10 | 10.6
Evocations     | 1 |  1.0
Dodging        | |  2.4
Stealth        | |  2.4

Action                   |  1- 3 |  4- 6 |  7- 9 | 10-12 || total
-------------------------+-------+-------+-------+-------++-------
Melee: Short sword       |     3 |    35 |       |       ||    38
       Spear             |       |    32 |     3 |       ||    35
       Halberd           |       |       |       |    13 ||    13
 Cast: Flame Tongue      |    80 |   101 |   172 |    84 ||   437
       Conjure Flame     |       |     5 |    13 |     6 ||    24
       Sticky Flame      |       |     6 |    32 |    18 ||    56
       Fireball          |       |     1 |    29 |    36 ||    66
       Shock             |       |       |    10 |     3 ||    13
  Use: Potion            |       |     2 |     1 |       ||     3
       Scroll            |       |       |     7 |     8 ||    15
 Stab: Sleeping          |       |       |     1 |       ||     1
  Eat: Chunk             |     2 |     6 |    17 |    13 ||    38
       Ration            |       |     1 |     4 |       ||     5
Armor: Robe              |     7 |     5 |     5 |     2 ||    19
       Troll leather arm |       |       |       |    18 ||    18
Dodge: Dodged            |    30 |    33 |    34 |    48 ||   145
